 Dungeon Crawl Stone Soup version 0.28-a0-1524-ge72afd5fc6 (webtiles) character file.

Game seed: 10893511641788271499

4440 gimp the Thaumaturge (level 10, -2/70 HPs)
             Began as a Djinni Wanderer on Jan 17, 2022.
             Was a Believer of Cheibriados.
             Slain by a meliai (13 damage)
             ... on level 9 of the Dungeon on Jan 18, 2022.
             The game lasted 00:19:22 (10400 turns).

gimp the Thaumaturge (Djinni Wanderer)             Turns: 10400, Time: 00:19:23

Health: -2/70      AC:  8    Str: 19    XL:     10   Next: 63%
Gold:   496        EV: 19    Int: 26    God:    Cheibriados [**....] SH:  0 Dex: 18

rFire   + + .      SeeInvis .   a - +3 dagger (venom)
rCold   x . .      Faith    .   (no shield)
rNeg    . . .      Spirit   .   j - +3 leather armour
rPois   ∞          Reflect  .   c - +0 helmet
rElec   .          Harm     .   (no cloak)
rCorr   .          Rampage  .   k - +0 pair of gloves
Will    +....                   (boots unavailable)
Stlth   +++.......              (no amulet)
HPRegen 0.21/turn               e - +4 ring of evasion
MPRegen 0.00/turn               d - +6 ring of strength

@: flying, very slow
A: sickness immunity, fire resistance 2, cold vulnerability 1, float, innate
caster, hp casting, extra vitality 1
a: Renounce Religion, Bend Time


You were on level 9 of the Dungeon.
You worshipped Cheibriados.
Cheibriados was pleased with you.
You visited 2 branches of the dungeon, and saw 10 of its levels.
You also visited: Ossuary.

You collected 672 gold pieces.
You spent 176 gold pieces at shops.

Inventory:

Hand Weapons
 a - a +3 dagger of venom (weapon)
 q - a +0 whip of electrocution
Armour
 c - a +0 helmet (worn)
 j - a +3 leather armour (worn)
 k - a +0 pair of gloves (worn)
 E - +0 swamp dragon scales
Magical Staves
 b - a staff of poison
Jewellery
 d - a +6 ring of strength (right hand)
 e - a +4 ring of evasion (left hand)
 l - an amulet of faith
 H - a ring of ice
Wands
 B - a wand of paralysis (11)
 G - a wand of iceblast (8)
Scrolls
 f - a scroll of magic mapping {unknown}
 g - a scroll of torment {unknown}
 i - 3 scrolls of holy word {unknown}
 m - 3 scrolls of enchant weapon
 n - 3 scrolls of enchant armour {unknown}
 p - a scroll of brand weapon {unknown}
 r - 2 scrolls of fear {unknown}
 t - 3 scrolls of teleportation {unknown}
 u - a scroll of noise {unknown}
 y - a scroll of immolation {unknown}
 C - a scroll of blinking {unknown}
 F - a scroll of acquirement {unknown}
 J - a scroll of identify
Potions
 h - 5 potions of curing
 o - 5 potions of might {unknown}
 s - a potion of invisibility
 v - 5 potions of haste {unknown}
 w - a potion of berserk rage
 x - 4 potions of flight {unknown}
 z - 2 potions of mutation {unknown}
 A - 2 potions of magic {unknown}
 I - a potion of cancellation {unknown}


   Skills:
 - Level 5.0 Fighting
 + Level 3.2 Armour
 - Level 6.0 Dodging
 + Level 4.0 Stealth
 * Level 9.5 Spellcasting
 - Level 1.0 Evocations


You had 6 spell levels left.
You knew the following spells:

 Your Spells              Type           Power      Damage    Failure   Level
a - Stone Arrow           Conj/Erth      100%       3d13      1%          3
b - Foxfire               Conj/Fire      100%       2x1d9     1%          1
c - Sticky Flame          Conj/Fire      58%        2d7       1%          4
d - Sandblast             Erth           100%       2d20      1%          1
e - Ignite Poison         Fire/Tmut/Pois 58%        N/A       1%          3
f - Apportation           Tloc           100%       N/A       1%          1
g - Ensorcelled Hibernat  Hex/Ice        100%       N/A       1%          2
h - Portal Projectile     Hex/Tloc       100%       N/A       1%          3
i - Petrify               Tmut/Erth      58%        N/A       1%          4

Your spell library contained the following spells:

 Spells                   Type           Power      Damage    Failure   Level


Dungeon Overview and Level Annotations

Branches:
Dungeon (9/15)             Temple (1/1) D:6         Ossuary (visited)
   Lair: D:8-11         Orc: D:9-12

Altars:
Ashenzari
Cheibriados
Dithmenos
Elyvilon
Fedhas
Gozag
Hepliaklqana
Kikubaaqudgha
Nemelex Xobeh
Okawaru
Qazlal
Ru
Sif Muna
Trog
Uskayaw
Vehumet
Wu Jian
Xom
Yredelemnul
Zin
The Shining One

Shops:
D:5 !

Annotations:
D:7 2 transporters, croobank's ghost, novice FeDe


Innate Abilities, Weirdness & Mutations

You are immune to sickness and miasma.
You are immune to poison.
Your flesh is very heat resistant. (rF++)
You are vulnerable to cold. (rC-)
You float through the air rather than walking.
You learn spells naturally, not from books.
Your magical power is your life essence.
You have superior vitality. (+4 MHP)


Message History

* * * LOW HITPOINT WARNING * * *
The meliai completely misses you. x2; The meliai closely misses you. x2
The meliai misses you. The meliai hits you with a +0 war axe!
* * * LOW HITPOINT WARNING * * *
The meliai completely misses you. x2; The meliai barely misses you.
The meliai misses you. The meliai stings you.
* * * LOW HITPOINT WARNING * * *
You take 29 damage, and have 6/70 hp.
MASSIVE DAMAGE!!
You feel much better. The meliai hits you with a +0 war axe.
The meliai stings you. The meliai barely misses you.
The meliai completely misses you. The meliai hits you but does no damage.
The meliai stings you.
* * * LOW HITPOINT WARNING * * *
The meliai mumbles some strange prayers to its god against you.
Something smites you!
* * * LOW HITPOINT WARNING * * *
The meliai barely misses you. The meliai completely misses you.
The meliai hits you but does no damage. The meliai closely misses you.
You regained 5 hp, and now have 11/70 hp.
You feel much better. The meliai completely misses you. The meliai stings you.
The meliai hits you with a +0 hand axe!
The meliai stings you but does no damage.
The meliai calls upon its god to heal the meliai.
The meliai's wounds heal themselves!
The meliai hits you but does no damage. The meliai stings you.
* * * LOW HITPOINT WARNING * * *
The meliai hits you with a +0 hand axe.
* * * LOW HITPOINT WARNING * * *
The meliai closely misses you.
You regained 9 hp, and now have 20/70 hp.
The meliai stops moving altogether! x2
The meliai calls down the wrath of its god upon you.
Something smites you!
* * * LOW HITPOINT WARNING * * *
The meliai hits you but does no damage. The meliai stings you.
* * * LOW HITPOINT WARNING * * *
You take 18 damage, and have 2/70 hp.
MASSIVE DAMAGE!!
You feel better. The meliai completely misses you.
The meliai closely misses you. The meliai hits you with a +0 war axe!
You die...

............... ...
..#####'################# ######
..#...................... #.....
..#...................... #.....
..#...................... #.....
..#...................... #.....
..+.............yy....... #.....
..#...##.#####...y###########....
.##...##.##.##..@.#.........#####
.#....##.....+....#.........#....
.#....##.....#....#.........#....
.#....##.....#....#.....#...#....
.#....##.....#....#.....#...#....
.#....##.....'....#.....#...#....
.#....##.....#....'.....#...+..>.
.#....##.....#....#.....#...#....
.#....##.....#....#.........#....


You could see 3 meliai.

Vanquished Creatures
  Pikel (D:7)
  Maggie (D:8)
  A troll (D:9)
  Prince Ribbit (D:8)
  Sigmund (D:2)
  A vampire (D:9)
  Grum (D:8)
  2 steam dragons
  A water moccasin (D:7)
  A hornet zombie (D:5)
  2 ice beasts
  An orc warrior (D:8)
  A sky beast (D:7)
  3 ogres
  A centaur (D:8)
  2 wolves (D:8)
  A phantom (D:6)
  A lemure (D:7)
  2 wyvern zombies
  A gnoll sergeant (D:6)
  A scorpion (D:4)
  2 bullfrogs (D:7)
  A water moccasin zombie (D:6)
  A water moccasin skeleton (D:6)
  8 wights (D:9)
  2 howler monkeys
  An orc priest (D:7)
  2 jellies
  A centaur skeleton (D:4)
  A bullfrog skeleton (D:5)
  2 iguanas
  An orc wizard (D:9)
  Natasha (D:2)
  A killer bee zombie (D:7)
  9 mummies
  A hound skeleton (D:2)
  A howler monkey zombie (D:6)
  A howler monkey skeleton (D:7)
  4 gnolls (D:6)
  8 adders
  A shadow imp (D:5)
  A white imp (D:8)
  An ufetubus (D:5)
  A dart slug (D:3)
  15 orcs
  3 bats
  5 endoplasms
  4 giant cockroaches
  7 goblins
  4 hobgoblins
  2 quokkas
  4 ball pythons
  A frilled lizard (D:1)
  A gnoll zombie (Ossuary)
  4 hobgoblin zombies (Ossuary)
  12 kobolds
  3 kobold zombies (Ossuary)
  3 rats
147 creatures vanquished.

Vanquished Creatures (collateral kills)
  A foxfire (D:1)
1 creature vanquished.

Vanquished Creatures (others)
  316 foxfires
316 creatures vanquished.

Grand Total: 464 creatures vanquished

Notes
Turn   | Place    | Note
-------+----------+-------------------------------------------
     0 | D:1      | gimp the Djinni Wanderer began the quest for the Orb.
     0 | D:1      | Reached XP level 1. HP: 17/17 MP: 0/0
   445 | D:1      | Reached XP level 2. HP: 19/22 MP: 0/0
  1014 | D:1      | Reached XP level 3. HP: 26/28 MP: 0/0
  1014 | D:1      | Learned a level 1 spell: Apportation
  1336 | D:2      | Reached skill level 3 in Spellcasting
  1390 | D:2      | Noticed Sigmund
  1422 | D:2      | Killed Sigmund
  1423 | D:2      | Reached skill level 4 in Spellcasting
  1423 | D:2      | Reached XP level 4. HP: 16/35 MP: 0/0
  1423 | D:2      | Reached XP level 5. HP: 18/40 MP: 0/0
  1423 | D:2      | Learned a level 2 spell: Ensorcelled Hibernation
  1637 | D:2      | Reached XP level 6. HP: 40/46 MP: 0/0
  2034 | D:2      | Found a faded altar of an unknown god.
  2071 | D:2      | Noticed Natasha
  2079 | D:2      | Killed Natasha
  2857 | D:3      | Noticed an ogre
  2868 | D:3      | Killed an ogre
  2869 | D:3      | Reached skill level 5 in Spellcasting
  3109 | D:4      | Reached XP level 7. HP: 49/50 MP: 0/0
  3109 | D:4      | Learned a level 3 spell: Portal Projectile
  3199 | D:4      | Found an opulent altar of Gozag.
  3213 | D:4      | Found a white marble altar of Elyvilon.
  3263 | D:4      | Reached skill level 6 in Spellcasting
  3518 | D:4      | Found a sand-covered staircase.
  3526 | Ossuary  | Entered an ossuary
  3828 | Ossuary  | Reached XP level 8. HP: 52/56 MP: 0/0
  4326 | D:5      | Entered Level 5 of the Dungeon
  4812 | D:5      | Found Aniagio's Distillery.
  4820 | D:5      | Bought 2 potions of heal wounds for 110 gold pieces
  4820 | D:5      | Bought a potion of curing for 33 gold pieces
  4820 | D:5      | Bought a potion of curing for 33 gold pieces
  5668 | D:6      | Found a staircase to the Ecumenical Temple.
  5693 | Temple   | Entered the Ecumenical Temple
  5840 | Temple   | Became a worshipper of Cheibriados the Contemplative
  5911 | D:6      | Reached skill level 7 in Spellcasting
  6706 | D:6      | Found an ornate altar of the Wu Jian Council.
  6725 | D:6      | Reached XP level 9. HP: 57/62 MP: 0/0
  6725 | D:6      | Learned a level 4 spell: Petrify
  7237 | D:7      | Found a transporter.
  7238 | D:7      | Noticed croobank's ghost (novice FeDe)
  7239 | D:7      | Found a transporter.
  7242 | D:7      | Identified the +8 great mace of Waallaar {vorpal, Str+6}
  7242 | D:7      | Noticed a two-headed ogre
  7339 | D:7      | Noticed Pikel
  7354 | D:7      | Killed Pikel
  7355 | D:7      | Reached skill level 5 in Fighting
  7355 | D:7      | Reached skill level 8 in Spellcasting
  7574 | D:7      | Reached * piety under Cheibriados
  7913 | D:7      | Reached skill level 5 in Dodging
  8103 | D:8      | Noticed Maggie
  8280 | D:8      | Killed Maggie
  8281 | D:8      | Reached XP level 10. HP: 66/70 MP: 0/0
  8351 | D:8      | Found a sacrificial altar of Ru.
  8783 | D:8      | Noticed Grum
  8788 | D:8      | Killed Grum
  8792 | D:8      | Reached skill level 9 in Spellcasting
  9148 | D:8      | Found a glowing silver altar of Zin.
  9266 | D:8      | Noticed Prince Ribbit
  9270 | D:8      | Killed Prince Ribbit
  9545 | D:9      | Reached ** piety under Cheibriados
 10399 | D:9      | HP: 2/70 [meliai (5)]
 10400 | D:9      | Slain by a meliai

Illustrated notes

Levels and vault maps discovered:
D:1:      lightli_molten_gateway, layout_loops_corners, serial_park_tiny_2,
          due_unseen_surprise
D:2:      layout_loops_ring, hellmonk_ecumenical_altar_run_dry,
          minmay_door_square, minmay_misc_feat_ornament, solitary_fountain,
          chequers_garden, minmay_stone_trees_small, grunt_ministairs_7,
          uniq_natasha, uniq_sigmund
D:3:      layout_basic, chequers_mini_garden, minivault_14, serial_bayou_pond_c
D:4:      layout_loops_cross, mainiacjoe_overflow_large_starburst,
          gup_ossuary_entry_pyramid
D:5:      layout_loops_corners, serial_shops, nicolae_square_shop,
          kennysheep_generic_room_16
D:6:      layout_loops_corners, nicolae_wu_jian_wuxing_cycle,
          minmay_temple_entry_junction_2, minivault_19,
          kennysheep_generic_room_3
D:7:      layout_rooms, gammafunk_ghost_smash, uniq_pikel
D:8:      layout_basic, mainiacjoe_overflow_concentric_impassable, zin_academy,
          grunt_ministairs_1, uniq_grum, uniq_prince_ribbit1, uniq_maggie
D:9:      layout_stronghold
Temple:   eino_temple_scatter_basement

Skill      XL: |  1  2  3  4  5  6  7  8  9 10 |
---------------+-------------------------------+-----
Spellcasting   | 4 5 6 7 8 9 |  9.5
Fighting       | 3 4 5 |  5.0
Dodging        | 3 5 6 |  6.0
Stealth        | 2 4 |  4.0
Armour         | 3 |  3.2
Evocations     | |  1.0

Action                   |  1- 3 |  4- 6 |  7- 9 | 10-12 || total
-------------------------+-------+-------+-------+-------++-------
Melee: Dagger            |    12 |    10 |    36 |     5 ||    63
       Punch             |     1 |       |       |       ||     1
 Cast: Foxfire           |    39 |    37 |   105 |     1 ||   182
       Stone Arrow       |       |     1 |    72 |    51 ||   124
       Petrify           |       |       |     1 |     3 ||     4
Evoke: Wand              |       |       |       |     1 ||     1
  Use: Potion            |       |       |     5 |     3 ||     8
       Scroll            |       |       |     4 |     2 ||     6
 Stab: Petrified         |       |       |     9 |       ||     9
Armor: Robe              |     3 |     1 |       |       ||     4
       Leather armour    |       |     1 |    17 |    12 ||    30
       Skin              |       |       |    12 |       ||    12
Dodge: Dodged            |    12 |     7 |    45 |    39 ||   103

Table legend: (Time is in decaauts)
 A = Elapsed time spent in this place.
 B = Non-inter-level travel time spent in this place.
 C = Inter-level travel time spent in this place.
 D = Time resting spent in this place.
 E = Time spent auto-exploring this place.
 F = Levels seen in this place.
 G = Mean time per level.
                   A        B        C        D        E       F      G
               +--------+--------+--------+--------+--------+-----+--------+
         Total |  11319 |  10984 |    335 |    472 |   9082 |  11 | 1029.0 |
       Dungeon |  10757 |  10452 |    305 |    472 |   8674 |   9 | 1195.2 |
        Temple |    169 |    140 |     29 |      0 |    124 |   1 |  169.0 |
       Ossuary |    392 |    392 |      0 |      0 |    284 |   1 |  392.0 |
               +--------+--------+--------+--------+--------+-----+--------+

Top non-repeatable levels by time:
     D:6: 1582 daAuts
     D:8: 1554 daAuts
     D:5: 1324 daAuts
     D:1: 1245 daAuts
     D:9: 1228 daAuts
     D:7: 1136 daAuts
     D:2: 1099 daAuts
     D:4: 829 daAuts
     D:3: 757 daAuts
 Ossuary: 392 daAuts
  Temple: 169 daAuts
